 Dungeon Crawl Stone Soup version 0.31-a0-233-g139696dc86 (webtiles) character file.

Game seed: 16061374555713274389

14 qw the Shooter (level 2, -5/16 HPs)
             Began as a Gargoyle Hexslinger on July 7, 2023.
             Slain by Terence
             ... wielding a +0 flail
              (7 damage)
             ... on level 2 of the Dungeon.
             The game lasted 00:00:09 (160 turns).

qw the Shooter (Gargoyle Hexslinger)                 Turns: 160, Time: 00:00:09

Health: -5/16      AC:  4    Str: 11    XL:     2   Next: 45%
Magic:  3/3        EV: 12    Int: 13    God:
Gold:   9          SH:  0    Dex: 12    Spells: 2/3 levels left

rFire   . . .        a - +1 sling
rCold   . . .        (no shield)
rNeg    + . .        c - +0 robe
rPois   inf          (no helmet)
rElec   +            (no cloak)
rCorr   .            (no gloves)
SInv    .            (no boots)
Will    .....        (no amulet)
Stlth   +            (no ring)
HPRegen 0.22/turn    (no ring)
MPRegen 0.08/turn

%: no passive effects
@: no status effects
A: sickness immunity, AC +2, negative energy resistance 1, electricity
resistance, torment resistance 1, petrification resistance
a: no special abilities


You were on level 2 of the Dungeon.
You visited 1 branch of the dungeon, and saw 2 of its levels.

You collected 9 gold pieces.


Innate Abilities, Weirdness & Mutations

You are immune to sickness and miasma.
Your stone body is resilient. (AC +2)
You are immune to poison.
You resist negative energy. (rN+)
You are resistant to electric shocks. (rElec)
You are resistant to unholy torment.
You are immune to petrification.


   Skills:
 + Level 1.1 Fighting
 - Level 3.0 Ranged Weapons
 - Level 1.5 Dodging
 - Level 1.0 Spellcasting
 - Level 2.6 Hexes


You had 2 spell levels left.
You knew the following spells:

 Your Spells              Type           Power      Damage    Failure   Level
a - Slow                  Hex            28%        N/A       10%         1

Your spell library contained the following spells:

 Spells                   Type           Power      Damage    Failure   Level
 Inner Flame              Hex/Fire       4%         N/A       43%         3
 Portal Projectile        Hex/Tloc       8%         N/A       43%         3
 Cause Fear               Hex            3%         N/A       67%         4

Inventory:

Hand Weapons
 a - a +1 sling (weapon)
Armour
 c - a +0 robe (worn)
Jewellery
 e - a ring of positive energy
Scrolls
 b - a scroll of poison
 d - a scroll of blinking {unknown}

Dungeon Overview and Level Annotations

Branches:
Dungeon (2/15)

Altars:

Annotations:
D:2 Terence


Message History

Terence the Incautious comes into view.
He is wielding a +0 flail and carrying a wand of flame (19).
You shoot a sling bullet.
The sling bullet hits Terence but does no damage.
Terence zaps a wand.
The puff of flame hits you.
Terence zaps a wand.
The puff of flame misses you.
You shoot a sling bullet.
The sling bullet hits Terence but does no damage.
You shoot a sling bullet.
The sling bullet closely misses Terence.
A frilled lizard comes into view.
You shoot a sling bullet. The sling bullet barely misses Terence.
The sling bullet misses the frilled lizard.
The frilled lizard hisses angrily.
Terence zaps a wand.
The puff of flame misses you.
You shoot a sling bullet.
The sling bullet closely misses Terence.
The sling bullet hits the frilled lizard.
You kill the frilled lizard!
You shoot a sling bullet.
The sling bullet hits Terence but does no damage.
You shoot a sling bullet. The sling bullet hits Terence.
Terence is moderately wounded.
You shoot a sling bullet.
The sling bullet hits Terence but does no damage.
Terence is moderately wounded.
Terence zaps a wand.
The puff of flame hits you!
Ouch! That really hurt!
Terence closely misses you.
You shoot a sling bullet.
The sling bullet hits Terence but does no damage.
Terence is moderately wounded.
Terence closely misses you.
You shoot a sling bullet. The sling bullet barely misses Terence.
Terence completely misses you.
You shoot a sling bullet. The sling bullet hits Terence.
Terence is moderately wounded.
Terence barely misses you.
You shoot a sling bullet. The sling bullet barely misses Terence.
Terence hits you with a +0 flail!
You die...

#.# #%# #.# #.#
#.# #[# ##@#
######.@##
#........#
.#.......>#
#..........#######
###...............
..................
..................
####..#########.##
##. #


You could see Terence.

Vanquished Creatures
  A ball python (D:1)
  An endoplasm (D:1)
  A giant cockroach (D:1)
  2 goblins (D:1)
  3 bats
  2 frilled lizards
  2 kobolds (D:1)
  2 rats (D:1)
14 creatures vanquished.

Notes
Turn   | Place    | Note
-------+----------+-------------------------------------------
     0 | D:1      | qw the Gargoyle Hexslinger began the quest for the Orb.
     0 | D:1      | Reached XP level 1. HP: 12/12 MP: 2/2
     0 | D:1      | 0 ||| qw: Version: 0.3-a-46-gb1f654a
     0 | D:1      | 0 ||| qw: Game counter: 3042
     0 | D:1      | 0 ||| qw: Melee chars always use a shield: true
     0 | D:1      | 0 ||| qw: God list: Okawaru
     0 | D:1      | 0 ||| qw: Allow faded altars: false
     0 | D:1      | 0 ||| qw: Do Orc after clearing Dungeon:15 true
     0 | D:1      | 0 ||| qw: Do second Lair branch before Depths: true
     0 | D:1      | 0 ||| qw: Lair rune preference: random
     0 | D:1      | 0 ||| qw: Goals: Normal
     0 | D:1      | 0 ||| PLANNING D:1-11
    77 | D:1      | Reached XP level 2. HP: 13/16 MP: 3/3
    80 | D:1      | 80 ||| FLEEEEING.
    81 | D:1      | 81 ||| FLEEEEING.
    82 | D:1      | 82 ||| FLEEEEING.
    83 | D:1      | 83 ||| FLEEEEING.
    84 | D:1      | 84 ||| FLEEEEING.
    85 | D:1      | 85 ||| FLEEEEING.
   137 | D:1      | You fall into a shaft and drop 1 floor!
   144 | D:2      | Reached skill level 3 in Ranged Weapons
   148 | D:2      | Noticed Terence
   156 | D:2      | HP: 1/16 [Terence/puff of flame (11)]
   160 | D:2      | Slain by Terence

Levels and vault maps discovered:
D:1:      saegor_arrival_simple_d, layout_rooms, minmay_pentomino_p2
D:2:      layout_rooms, serial_shops, shop, corexii_leaking_fountain,
          uniq_terence, uniq_sigmund

Skill      XL: |  1  2 |
---------------+-------+-----
Ranged Weapons | 3 |  3.0
Fighting       | |  1.1
Dodging        | |  1.5
Spellcasting   | |  1.0
Hexes          | |  2.6

Action                     || total
---------------------------++-------
   Fire: Sling             ||    42
 Armour: Robe              ||     1
  Dodge: Dodged            ||    14

Table legend:
 A = Non-vault XP
 B = Vault XP
 C = Vault XP percentage of total XP
 D = Non-vault monster count
 E = Vault monster count
 F = Vault count percentage of total count
                 A         B        C        D         E       F
            +---------+---------+-------+---------+---------+-------
      Total |      18 |       3 |  14.3 |      12 |       2 |  14.3
            +---------+---------+-------+---------+---------+-------
        D:1 |      15 |       3 |  16.7 |      10 |       2 |  16.7
        D:2 |       3 |       0 |   0.0 |       2 |       0 |   0.0
            +---------+---------+-------+---------+---------+-------
